 Dungeon Crawl Stone Soup version 0.31-a0-38-g1548c4f2a5 (webtiles) character file.

Game seed: 5405553479512961390

3623 porpoise the Slicer (level 10, -3/53 (61) HPs)
             Began as a Kobold Enchanter on May 17, 2023.
             Was a Follower of Uskayaw.
             Slain by a wight
             ... wielding a +2 hand axe of electrocution
              (10 damage)
             ... on level 9 of the Dungeon.
             The game lasted 00:28:23 (9568 turns).

porpoise the Slicer (Kobold Enchanter)              Turns: 9568, Time: 00:28:25

HP:   -3/53 (61)    AC:  4    Str:  7    XL:     10   Next: 32%
MP:   8/17          EV: 15    Int: 18    God:    Uskayaw [*.....]
Gold: 212           SH:  0    Dex: 17    Spells: 11/19 levels left

rFire   + . .        a - +3 quick blade (venom)
rCold   . . .        (no shield)
rNeg    . . .        b - +1 robe
rPois   +            (no helmet)
rElec   .            B - +0 cloak
rCorr   .            (no gloves)
SInv    +            (no boots)
Will    .....        (no amulet)
Stlth   +++++        d - ring of poison resistance
HPRegen 0.28/turn    J - ring "Ihocy" {Wiz Contam rF+ SInv}
MPRegen 0.15/turn

%: wizardry (x1)
@: confusing by touch, heavily drained
A: small, no large weapons, nightstalker 3
a: Renounce Religion, Stomp


You were on level 9 of the Dungeon.
You worshipped Uskayaw.
Uskayaw was noncommittal.
You visited 2 branches of the dungeon, and saw 10 of its levels.

You collected 442 gold pieces.
You spent 230 gold pieces at shops.

Inventory:

Hand Weapons
 a - a +3 quick blade of venom (weapon)
 o - a +1 dagger
 z - the +7 staff of the Meek {protect, meekguard}
   (You found it on level 4 of the Dungeon)
 L - a +3 dagger of freezing
Missiles
 y - 15 poisoned darts (quivered)
Armour
 b - a +1 robe (worn)
 B - a +0 cloak (worn)
Magical Staves
 j - a staff of fire
Jewellery
 d - a ring of poison resistance (left hand)
 t - a +6 ring of strength
 C - a ring of ice
 F - a ring of fire
 G - a ring of flight
 J - the ring "Ihocy" (right hand) {Wiz Contam rF+ SInv}
   (You acquired it on level 8 of the Dungeon)

   [ring of wizardry]

   It improves your spell success rate.
   rF:        It protects you from fire.
   SInv:      It lets you see invisible.
   Contam:    It causes magical contamination when unequipped.
Wands
 D - a wand of digging (7)
 H - a wand of light (6)
 K - a wand of flame (10)
 N - a wand of charming (8)
 O - a wand of mindburst (7)
Scrolls
 g - 3 scrolls of enchant weapon
 h - a scroll of vulnerability
 l - a scroll of immolation
 m - a scroll of noise
 n - 2 scrolls of amnesia
 p - 5 scrolls of teleportation
 s - a scroll of fog {unknown}
 v - a scroll of enchant armour
 w - a scroll of summoning
 E - a scroll of magic mapping {unknown}
 I - a scroll of poison {unknown}
Potions
 c - 2 potions of invisibility
 e - a potion of flight
 f - a potion of might
 i - a potion of berserk rage {unknown}
 k - 3 potions of brilliance
 q - 4 potions of curing
 r - 2 potions of degeneration {unknown}
 u - 2 potions of cancellation
 x - 4 potions of heal wounds
 A - 3 potions of attraction
 M - a potion of mutation {unknown}


   Skills:
 + Level 6.7 Fighting
 * Level 8.4 Short Blades
 - Level 2.4 Dodging
 - Level 7.0 Stealth
 - Level 5.0 Spellcasting
 + Level 8.2 Hexes
 - Level 5.0 Ice Magic


You had 11 spell levels left.
You knew the following spells:

 Your Spells              Type           Power      Damage    Failure   Level
a - Confusing Touch       Hex            34%        N/A       1%          3
e - Ensorcelled Hibernat  Hex/Ice        56%        N/A       1%          2
t - Tukima's Dance        Hex            34%        N/A       1%          3

Your spell library contained the following spells:

 Spells                   Type           Power      Damage    Failure   Level
 Dazzling Flash           Conj/Hex       38%        N/A       3%          3
 Beastly Appendage        Tmut           8%         N/A       5%          1
 Sandblast                Erth           8%         2d5       5%          1
 Hailstorm                Conj/Ice       13%        3d5       6%          3
 Passwall                 Tmut/Erth      3%         N/A       9%          2
 Wereblood                Tmut           4%         N/A       9%          2
 Spider Form              Tmut/Pois      4%         N/A       16%         3
 Stone Arrow              Conj/Erth      8%         3d7       16%         3
 Ice Form                 Ice/Tmut       13%        N/A       19%         4
 Simulacrum               Ice/Necr       6%         N/A       94%         6


Dungeon Overview and Level Annotations

Branches:
Dungeon (9/15)             Temple (1/1) D:5
   Lair: D:8-11         Orc: D:9-12

Altars:
Ashenzari
Cheibriados
Dithmenos
Elyvilon
Gozag
Hepliaklqana
Kikubaaqudgha
Nemelex Xobeh
Okawaru
Qazlal
Ru
Sif Muna
Trog
Uskayaw
Vehumet
Xom
Yredelemnul
Zin
The Shining One

Shops:
D:5 !*=?


Innate Abilities, Weirdness & Mutations

You are small and have problems with some larger weapons.
You are completely attuned to the shadows.


Message History

A wight is wielding a +2 hand axe of freezing.
A wight is wielding a +2 hand axe of electrocution.
You see here 13 gold pieces.
A wight comes into view. It is wielding a +0 flail.
The wight hits you with a +0 short sword.
You feel drained.
Casting: Ensorcelled Hibernation (safe; 1% risk of failure)
Confirm with . or Enter, or press ? or * to list all spells.
Your hands begin to glow red.
The wight hits you with a +0 short sword.
The wight completely misses you.
You barely miss the wight. You punch the wight, but do no damage.
You hit the wight but do no damage. You hit the wight but do no damage.
The wight hits you with a +0 short sword!
You feel drained. The wight misses you.
You hit the wight but do no damage.
The wight appears confused.
Casting: Confusing Touch (safe; 1% risk of failure)
Confirm with . or Enter, or press ? or * to list all spells.
Your hands begin to glow red.
The wight hits you with a +0 short sword!
You feel drained.
The wight hits itself with a +0 short sword.
The wight hits you with a +2 hand axe of freezing!
The wight freezes you. The wight closely misses you.
You hit the wight but do no damage.
The wight appears confused.
Casting: Confusing Touch (safe; 1% risk of failure)
Confirm with . or Enter, or press ? or * to list all spells.
Your hands begin to glow red.
The wight misses you.
The wight hits you with a +2 hand axe of freezing.
* * * LOW HITPOINT WARNING * * *
The wight freezes you.
* * * LOW HITPOINT WARNING * * *
The wight hits itself with a +2 hand axe of freezing.
You hit the wight but do no damage.
The wight hits you with a +2 hand axe of electrocution.
* * * LOW HITPOINT WARNING * * *
You feel drained.
* * * LOW HITPOINT WARNING * * *
You are electrocuted!
You die...

z# #####.###
........#
...zz...#
....@z..##
.....~...#
##...$...#######
#
.........#......
#
#...............
#
#...~~...#......
#
........#...~...#
#
.......#...~...#
# .~....#.......#
#


You could see 4 wights.

Vanquished Creatures
  A two-headed ogre (D:8)
  3 steam dragons
  Menkaure (D:5)
  2 ice beasts
  A black bear (D:8)
  3 ogres
  A kobold brigand (D:8)
  3 bullfrogs
  4 scorpions
  7 wights
  7 killer bees
  2 electric eels (D:9)
  A howler monkey (D:6)
  4 jellies
  5 orc priests
  3 hounds
  A sleepcap (D:5)
  Crazy Yiuf (D:5)
  3 iguanas
  An orc wizard (D:7)
  3 gnolls (D:2)
  8 adders
  A white imp (D:8)
  A shadow imp (D:7)
  An ufetubus (D:6)
  5 worms
  A dart slug (D:1)
  19 orcs
  7 ball pythons
  4 bats
  4 endoplasms
  A giant cockroach (D:4)
  8 goblins
  4 hobgoblins
  3 jackals (D:1)
  A quokka (D:1)
  A frilled lizard (D:3)
  15 kobolds
  3 rats
144 creatures vanquished.

Notes
Turn   | Place    | Note
-------+----------+-------------------------------------------
     0 | D:1      | porpoise the Kobold Enchanter began the quest for the Orb.
     0 | D:1      | Reached XP level 1. HP: 10/10 MP: 3/3
   182 | D:1      | Reached XP level 2. HP: 16/16 MP: 5/5
   185 | D:1      | Learned a level 2 spell: Ensorcelled Hibernation
   495 | D:1      | Reached skill level 1 in Fighting
   495 | D:1      | Reached XP level 3. HP: 3/20 MP: 3/6
   495 | D:1      | HP: 1/20 [kobold/+0 dagger (1)]
   672 | D:1      | Reached skill level 1 in Ice Magic
  1209 | D:2      | Learned a level 3 spell: Confusing Touch
  1259 | D:2      | Reached XP level 4. HP: 25/25 MP: 8/8
  1673 | D:2      | Reached XP level 5. HP: 29/29 MP: 9/9
  2136 | D:3      | Learned a level 3 spell: Tukima's Dance
  3081 | D:4      | Found a white marble altar of Elyvilon.
  3166 | D:4      | Reached skill level 5 in Stealth
  3166 | D:4      | Reached XP level 6. HP: 35/35 MP: 10/10
  3602 | D:4      | Found a radiant altar of Vehumet.
  3703 | D:4      | Reached XP level 7. HP: 37/40 MP: 8/11
  3882 | D:4      | Found the +7 staff of the Meek {protect, meekguard}
  4356 | D:5      | Entered Level 5 of the Dungeon
  4362 | D:5      | Noticed Menkaure
  4379 | D:5      | Killed Menkaure
  4380 | D:5      | Reached skill level 5 in Hexes
  4535 | D:5      | Reached XP level 8. HP: 46/46 MP: 9/12
  4870 | D:5      | Found a staircase to the Ecumenical Temple.
  4876 | Temple   | Entered the Ecumenical Temple
  5152 | D:5      | Found a runed translucent door.
  5155 | D:5      | Noticed Crazy Yiuf
  5164 | D:5      | Killed Crazy Yiuf
  5259 | D:5      | Reached skill level 5 in Ice Magic
  5309 | D:5      | Found a hazy altar of Hepliaklqana.
  5337 | D:5      | Found a glowing silver altar of Zin.
  5523 | D:5      | Found Titien's Distillery.
  5603 | D:5      | Found Reawesux's Assorted Antiques.
  5604 | D:5      | Found Ylovic's Jewellery Boutique.
  5604 | D:5      | Found Keoquirch's Magic Scroll Boutique.
  5606 | D:5      | Bought a potion of heal wounds for 70 gold pieces
  5627 | D:5      | Bought a silver ring for 160 gold pieces
  6193 | D:6      | Found a bloodstained altar of Trog.
  6315 | D:6      | Reached XP level 9. HP: 9/52 MP: 11/15
  6469 | D:6      | Found a hide-covered altar of Uskayaw.
  6475 | D:6      | Became a worshipper of Uskayaw the Reveller
  6539 | D:6      | Reached * piety under Uskayaw
  6711 | D:6      | Reached ** piety under Uskayaw
  7165 | D:7      | Reached skill level 5 in Spellcasting
  7398 | D:7      | Reached skill level 5 in Fighting
  7743 | D:7      | Found a shimmering blue altar of Sif Muna.
  7878 | D:7      | Found a snail-covered altar of Cheibriados.
  8013 | D:8      | Identified 2 scrolls of acquirement
  8013 | D:8      | Acquired a +3 quick blade of venom
  8015 | D:8      | Acquired the ring "Ihocy" {Wiz Contam rF+ SInv}
  8126 | D:8      | Noticed a two-headed ogre
  8132 | D:8      | Killed a two-headed ogre
  8133 | D:8      | Reached XP level 10. HP: 60/60 MP: 12/17
  9167 | D:9      | Reached *** piety under Uskayaw
  9180 | D:9      | Reached **** piety under Uskayaw
  9568 | D:9      | Slain by a wight

Illustrated notes

Levels and vault maps discovered:
D:1:      dpeg_arrival_arbitrary_a, layout_basic, minmay_misc_feat_plants
D:2:      layout_loops_ring
D:3:      layout_loops_corners
D:4:      wad_crossroads, layout_cave_pools, elyvilon_altar_4, vehumet_crystals,
          minmay_crystal_water
D:5:      layout_layer_cave, worldfamousw_hep_ancestral_shrine,
          old_standard_altar, temple_green, nrook_uturn, minmay_misc_feat_chi,
          minmay_shop_grid_forest, uniq_crazy_yiuf_cottage, uniq_menkaure
D:6:      layout_basic, trog_three_pillars_becter, mainiacjoe_overflow_boulevard
D:7:      layout_rooms, lemuel_round_altar, mainiacjoe_overflow_brackets
D:8:      layout_basic
D:9:      layout_basic, makhleb_altar_promises_db, orc_0_dummy, serial_glass,
          glass_columns_a, glass_columns_a, glass_columns_b, glass_columns_a,
          uniq_harold
Temple:   grunt_temple_mini_profane

Skill      XL: |  1  2  3  4  5  6  7  8  9 10 |
---------------+-------------------------------+-----
Fighting       | 1 2 3 4 6 |  6.7
Ice Magic      | 1 2 3 4 5 |  5.0
Spellcasting   | 3 4 5 |  5.0
Stealth        | 5 6 7 |  7.0
Hexes          | 4 5 6 7 8 |  8.2
Short Blades   | 2 6 8 |  8.4
Dodging        | |  2.4

Action                     |  1- 3 |  4- 6 |  7- 9 | 10-12 || total
---------------------------+-------+-------+-------+-------++-------
  Melee: Dagger            |    82 |    69 |   139 |    17 ||   307
         Punch             |       |       |     2 |     3 ||     5
         Quick blade       |       |       |       |    70 ||    70
  Throw: Dart              |       |       |     1 |       ||     1
   Cast: Ensorcelled Hiber |     8 |    23 |    30 |    13 ||    74
         Confusing Touch   |       |       |     9 |     7 ||    16
    Use: Potion            |     1 |       |       |       ||     1
         Scroll            |       |     4 |     9 |     3 ||    16
   Stab: Sleeping          |    13 |    29 |    37 |    11 ||    90
         Distracted        |       |     1 |       |       ||     1
         Confused          |       |       |     6 |     2 ||     8
         Paralysed         |       |       |       |     2 ||     2
 Armour: Robe              |     7 |     1 |     6 |     6 ||    20
  Dodge: Dodged            |    65 |    36 |    76 |    40 ||   217

Table legend: (Time is in decaauts)
 A = Elapsed time spent in this place.
 B = Non-inter-level travel time spent in this place.
 C = Inter-level travel time spent in this place.
 D = Time resting spent in this place.
 E = Time spent auto-exploring this place.
 F = Levels seen in this place.
 G = Mean time per level.
                   A        B        C        D        E       F      G
               +--------+--------+--------+--------+--------+-----+--------+
         Total |   9490 |   9180 |    310 |   1838 |   6096 |  10 |  949.0 |
       Dungeon |   9251 |   8963 |    288 |   1838 |   5882 |   9 | 1027.9 |
        Temple |    238 |    216 |     22 |      0 |    214 |   1 |  238.0 |
               +--------+--------+--------+--------+--------+-----+--------+

Top non-repeatable levels by time:
     D:5: 1465 daAuts
     D:4: 1230 daAuts
     D:1: 1198 daAuts
     D:8: 1168 daAuts
     D:6: 1100 daAuts
     D:3: 995 daAuts
     D:2: 923 daAuts
     D:7: 769 daAuts
     D:9: 399 daAuts
  Temple: 238 daAuts
